 Dungeon Crawl Stone Soup version 0.24-a0-479-g9a978d2894 (webtiles) character file.

Game seed: 15082042027524424443

219 pk666 the Magician (level 5, 0/28 HPs)
             Began as a Deep Elf Wizard on July 8, 2019.
             Killed from afar by an orc wizard (7 damage)
             ... with a magic dart
             ... on level 3 of the Dungeon.
             The game lasted 00:05:26 (3935 turns).

pk666 the Magician (Deep Elf Wizard)                Turns: 3935, Time: 00:05:27

Health: 0/28       AC:  2    Str:  4    XL:     5   Next: 64%
Magic:  0/15       EV: 13    Int: 24    God:
Gold:   194        SH:  0    Dex: 13    Spells: 6/15 levels left

rFire    . . .     SeeInvis .   m - +0 dagger
rCold    . . .     Gourm    .   (no shield)
rNeg     . . .     Faith    .   a - +0 robe
rPois    .         Spirit   .   b - +0 hat
rElec    .         Reflect  .   w - scarf {repulsion}
rCorr    .         Harm     .   (no gloves)
MR       .....                  (no boots)
Stlth    ++........             (no amulet)
HPRegen  0.09/turn              (no ring)
MPRegen  0.14/turn              (no ring)

@: very slightly contaminated, repel missiles
A: no striking features
a: no special abilities


You were on level 3 of the Dungeon.
You were not hungry.

You visited 1 branch of the dungeon, and saw 3 of its levels.

You collected 194 gold pieces.

Inventory:

Hand Weapons
 m - a +0 dagger (weapon)
Armour
 a - a +0 robe (worn)
 b - a +0 hat (worn)
 w - a scarf of repulsion (worn)
Jewellery
 e - a +2 ring of strength {unknown}
 h - an uncursed ring of protection from magic {unknown}
 o - a +5 ring of evasion {unknown}
Scrolls
 f - 3 scrolls of teleportation {unknown}
 i - 3 scrolls of identify {unknown}
 j - a scroll of remove curse {unknown}
 p - a scroll of fog {unknown}
 q - a scroll of immolation {unknown}
 r - a scroll of random uselessness {unknown}
 s - a scroll of magic mapping {unknown}
Potions
 c - 5 potions of curing {unknown}
 g - 2 potions of degeneration {unknown}
 k - a potion of haste {unknown}
 l - 2 potions of flight {unknown}
 n - 2 potions of brilliance {unknown}
 t - a potion of might {unknown}
 u - a potion of lignification {unknown}
 v - a potion of resistance {unknown}
Comestibles
 d - 4 rations


   Skills:
 - Level 3.1 Dodging
 - Level 2.4 Stealth
 + Level 5.6 Spellcasting
 + Level 2.9 Conjurations
   Level 1.1 Summonings
 + Level 2.2 Translocations
 + Level 1.8 Fire Magic
 + Level 1.5 Air Magic
 + Level 1.8 Poison Magic


You had 6 spell levels left.
You knew the following spells:

 Your Spells              Type           Power        Failure   Level  Hunger
a - Magic Dart            Conj           ###.         2%          1    None
b - Blink                 Tloc           N/A          4%          2    None
c - Conjure Flame         Conj/Fire      ###.....     10%         3    #......
d - Mephitic Cloud        Conj/Pois/Air  ###.....     11%         3    #......

Your spell library contained the following spells:

 Spells                   Type           Power        Failure   Level  Hunger
 Call Imp                 Summ           ##......     8%          2    None
 Slow                     Hex            #.......     13%         2    None


Dungeon Overview and Level Annotations

Branches:
Dungeon (3/15)

Altars:
Ashenzari
Cheibriados
Dithmenos
Hepliaklqana
Kikubaaqudgha
Okawaru
Trog
The Shining One


Message History

The orc hits you but does no damage. The orc wizard casts a spell at you.
The magic dart hits you!
* * * LOW HITPOINT WARNING * * *
Casting: Magic Dart (safe; 2% risk of failure)
Confirm with . or Enter, or press ? or * to list all spells.
Aiming: Magic Dart (safe; 2% risk of failure)
Press: ? - help, Shift-Dir - straight line, f/p - orc wizard
Aim: an orc wizard, wielding a +0 dagger and wearing a +0 robe (almost dead, fast)
The magic dart hits the orc wizard.
The orc wizard is almost dead.
The orc wizard gestures wildly while chanting.
The orc wizard blinks!
The orc barely misses you.
The orc wizard gestures wildly while chanting.
The orc wizard blinks!
The orc wizard mumbles some strange words.
The orc wizard blinks!
The orc wizard casts a spell at you. The magic dart hits you!
You die...

#.#.# #...#.#######.##### #.#.#
#.#.#)oo...#....... #.#.#
#.#.######.#..##### #.#.# #####
#.#.# #.#### #...#
#...#####.#.######.# #####
#................#.#
#................#o#
#######................#.#
#...............@......#.#
#.#####...######..o..o...########
#.# #...# #.....o...(.(..... #.#
#...# #..........^...... #.#
#...# #....)...>........
#.#####...### #......#####......
............# #.......######....
............# #........'._⌠##...
............## #........'._⌠##...


You could see an orc wizard and 2 orcs.

Vanquished Creatures
  An orc priest (D:3)
  3 adders (D:2)
  10 gnolls
  4 leopard geckos
  4 orcs (D:3)
  6 giant cockroaches
  4 goblins
  5 hobgoblins
  4 jackals (D:3)
  A quokka (D:3)
  A ball python (D:1)
  6 bats
  A frilled lizard (D:1)
  8 kobolds
  7 rats
65 creatures vanquished.

Notes
Turn   | Place    | Note
-------+----------+-------------------------------------------
     0 | D:1      | pk666 the Deep Elf Wizard began the quest for the Orb.
     0 | D:1      | Reached XP level 1. HP: 10/10 MP: 7/7
   317 | D:1      | Reached XP level 2. HP: 14/15 MP: 4/9
   542 | D:1      | Found a glowing golden altar of the Shining One.
  1062 | D:2      | Found a bloodstained altar of Trog.
  1095 | D:2      | Reached skill level 5 in Spellcasting
  1145 | D:2      | Reached XP level 3. HP: 19/19 MP: 2/11
  1220 | D:2      | Learned a level 2 spell: Blink
  1224 | D:2      | Learned a level 3 spell: Conjure Flame
  1228 | D:2      | Learned a level 3 spell: Mephitic Cloud
  1794 | D:1      | Reached XP level 4. HP: 17/24 MP: 0/13
  1904 | D:2      | Reached skill level 1 in Fire Magic
  1918 | D:2      | Reached skill level 1 in Poison Magic
  2128 | D:2      | Reached skill level 1 in Air Magic
  2223 | D:2      | Reached XP level 5. HP: 28/28 MP: 2/14
  2356 | D:2      | Found a shattered altar of Ashenzari.
  2554 | D:2      | Found a snail-covered altar of Cheibriados.
  2923 | D:3      | Found an ancient bone altar of Kikubaaqudgha.
  2923 | D:3      | Found a hazy altar of Hepliaklqana.
  3264 | D:3      | Found an iron altar of Okawaru.
  3791 | D:3      | Found a shadowy altar of Dithmenos.
  3935 | D:3      | Killed from afar by an orc wizard

Levels and vault maps discovered:
D:1:      nzn_arrival_depleted_hourglass, layout_loops_ring, minivault_19,
          tso_metal_star
D:2:      layout_loops_ring, ashenzari_conservatory_becter, bloody_trog,
          lemuel_doored_altar
D:3:      layout_basic, nicolae_overflow_crystal_walls, marbit_many_paths,
          gammafunk_temple_overflow_wave

Skill      XL: |  1  2  3  4  5 |
---------------+----------------+-----
Dodging        | 3 |  3.1
Conjurations   | 2 |  2.9
Spellcasting   | 5 |  5.6
Fire Magic     | 1 |  1.8
Poison Magic   | 1 |  1.8
Air Magic      | 1 |  1.5
Translocations | 2 |  2.2
Stealth        | |  2.4
Summonings     | |  1.1

Action                   |  1- 3 |  4- 6 || total
-------------------------+-------+-------++-------
Melee: Dagger            |    10 |    18 ||    28
 Cast: Magic Dart        |    93 |    92 ||   185
       Conjure Flame     |     3 |     2 ||     5
       Mephitic Cloud    |     2 |     2 ||     4
       Blink             |     1 |       ||     1
 Stab: Confused          |       |     1 ||     1
  Eat: Chunk             |     2 |     7 ||     9
Armor: Robe              |     3 |    17 ||    20
Dodge: Dodged            |    19 |    51 ||    70

Table legend:
 A = Non-vault XP
 B = Vault XP
 C = Vault XP percentage of total XP
 D = Non-vault monster count
 E = Vault monster count
 F = Vault count percentage of total count
                 A         B        C        D         E       F
            +---------+---------+-------+---------+---------+-------
      Total |     311 |       3 |   1.0 |      64 |       1 |   1.5
            +---------+---------+-------+---------+---------+-------
        D:1 |      45 |       0 |   0.0 |      19 |       0 |   0.0
        D:2 |     190 |       0 |   0.0 |      27 |       0 |   0.0
        D:3 |      76 |       3 |   3.8 |      18 |       1 |   5.3
            +---------+---------+-------+---------+---------+-------
